Cogmind - Beta 17.1 @@@ ROGUE MODE // 2026.09.18 @ 17:40:44 Player: lukecog Result: Destroyed by G-47 Trooper with Particle Gun Performance ------------- Evolutions (2) 1000 Regions Visited (5) 1000 Robots Destroyed (19) 95 Value Destroyed (659) 659 Prototype IDs (1) 20 Alien Tech Used (0) 0 Bonus (37) 37 TOTAL SCORE: 2811 Bonus ------- Follower Combat Kills 37 Cogmind --------- Core Integrity 0/550 Matter 249/300 Energy 100/100 System Corruption 2% Temperature Cool (9) Movement Core (100) Ox1 Location -8/Storage Parts ------- > --- POWER (2) -------- (None) > --- PROPULSION (3) --- (None) > --- UTILITY (2) ------ Small Storage Unit > --- WEAPON (4) ------- (None) > --- INVENTORY (8) ---- (None) Peak State ------------ > --- POWER ------------ Heavy Ion Engine Heavy Ion Engine > --- PROPULSION ------- Wheel Armored Wheel > --- UTILITY ---------- Small Storage Unit Small Storage Unit > --- WEAPON ----------- Light Assault Rifle Light Assault Rifle Heavy Assault Rifle Gauss Rifle > --- INVENTORY -------- (None) [Rating: 19] Favorites ----------- Power Ion Engine Engine Ion Engine Propulsion Wheel Wheel Wheel Utility Small Storage Unit Storage Small Storage Unit Weapon Assault Rifle Ballistic Gun Assault Rifle Build | -11 -10 -9 -9 -8 -8 ------- Run | Yrd Mat Mat Min Mat Sto Slots Evolved 4 | . . 2 . 2 . Power 1 | . . . . 1 . Propulsion 1 | . . . . 1 . Utility . | . . . . . . Weapon 2 | . . 2 . . . Parts Attached 16 | 5 . 5 2 1 3 Power 3 | 1 . . . . 2 Engine 3 | 1 . . . . 2 Core . | . . . . . . Reactor . | . . . . . . Propulsion 3 | 2 . 1 . . . Treads . | . . . . . . Leg . | . . . . . . Wheel 3 | 2 . 1 . . . Hover . | . . . . . . Flight . | . . . . . . Utility 2 | . . 2 . . . Device . | . . . . . . Storage 2 | . . 2 . . . Processor . | . . . . . . Hackware . | . . . . . . Protection . | . . . . . . Artifact . | . . . . . . Weapon 8 | 2 . 2 2 1 1 Energy Gun . | . . . . . . Energy Cannon . | . . . . . . Ballistic Gun 8 | 2 . 2 2 1 1 Ballistic Cannon . | . . . . . . Launcher . | . . . . . . Special Weapon . | . . . . . . Impact Weapon . | . . . . . . Slashing Weapon . | . . . . . . Piercing Weapon . | . . . . . . Special Melee Weapon . | . . . . . . Unidentified Prototypes 1 | . . . . . 1 Parts Lost 11 | . . . . 2 9 Power 2 | . . . . 1 1 Propulsion 2 | . . . . . 2 Utility 1 | . . . . . 1 Weapon 6 | . . . . 1 5 Highest Loss Streak 7 | . . . . 2 7 To Critical Strikes . | . . . . . . Average Backups . | . . . 1 . . Power . | . . . . . . Propulsion . | . . . . . . Utility . | . . . . . . Weapon . | . . . . . . Tool/Special . | . . . . . . Unused Backups . | . . . . . . Power . | . . . . . . Propulsion . | . . . . . . Utility . | . . . . . . Weapon . | . . . . . . Tool/Special . | . . . . . . Average Slot Usage (%) 74 | . 71 79 100 73 56 Engine 10 | . 14 11 11 3 9 Wheel 18 | . 28 22 22 18 10 Storage 14 | . . 16 22 18 15 Ballistic Gun 30 | . 28 29 44 33 21 Peak Build Rating 19 | 5 5 12 12 13 19 Average Rating 9 | 2 5 8 11 10 11 On Entrance 7 | . 5 5 12 12 13 Avg Prop Armor Cover (%) . | . . . . . . Naked Turns . | . . . . . . Heaviest Build 35 | 9 9 25 25 23 35 Greatest Support 26 | 26 26 26 22 22 22 Greatest Overweight (x) 11 | . . 1 1 1 11 Average Overweight (x) . | . . . 1 . 1 Largest Inventory Capacity 8 | 5 5 8 8 8 8 Average Capacity 7 | 5 5 7 8 8 8 Most Carried 3 | 2 . 2 3 1 2 Average Carried . | . . . . . . Final Capacity 8 | 5 5 8 8 8 8 Final Carried 1 | . . 1 . . . Class Distribution -------------------- 52% | Gunner 47% | Mutant Dominant Class ---------------- Mutant | -10/Materials Mutant | -9/Materials Gunner | -9/Mines Gunner | -8/Materials Gunner | -8/Storage Resources | -11 -10 -9 -9 -8 -8 ----------- Run | Yrd Mat Mat Min Mat Sto Matter Collected 632 | 169 88 54 189 40 92 Remotely . | . . . . . . Salvage Created 749 | . 88 54 197 40 370 Parts 41 | . 4 2 17 2 16 Haulers Intercepted . | . . . . . . Recyclers Shooed . | . . . . . . Parts Field Recycled . | . . . . . . Retrieved Matter . | . . . . . . Parts Self-Destructed . | . . . . . . Prevented . | . . . . . . Parts Restored . | . . . . . . Kills | -11 -10 -9 -9 -8 -8 ------- Run | Yrd Mat Mat Min Mat Sto Combat Hostiles Destroyed 19 | . 2 1 8 1 7 Guns 19 | . 2 1 8 1 7 Classes Destroyed 5 | . 1 1 1 1 1 Swarmer 5 | . . . 5 . . Grunt 8 | . 2 . 3 . 3 Duelist 1 | . . . . . 1 Sentry 4 | . . 1 . . 3 Hunter 1 | . . . . 1 . Best Kill Streak 5 | . 2 1 5 1 2 Combat Bots Only 5 | . 2 1 5 1 2 Max Kills in Single Turn 3 | . 1 1 3 1 1 Gunslinging 2 | . . . 2 . . Exploded . | . . . . . . Melee . | . . . . . . Uniques/NPCs Destroyed . | . . . . . . Combat | -11 -10 -9 -9 -8 -8 -------- Run | Yrd Mat Mat Min Mat Sto Hostile Shots Fired 169 | . 8 4 37 18 102 Missed 44 | . 2 2 14 1 25 Hits 125 | . 6 2 23 17 77 Melee 10 | . . . . . 10 Projectile 115 | . 6 2 23 17 67 Critical Strikes 7 | . . . . 1 6 Damage Taken 2017 | . 63 31 210 277 1436 Core 606 | . 21 16 9 19 541 Absorbed by Shields . | . . . . . . Core Remaining (%) 94 | 100 91 . 93 . . Volleys Fired 49 | . 7 3 10 9 20 Largest 4 | . 2 4 4 4 4 Hottest 91 | . 40 86 86 86 91 Shots Fired 151 | . 14 12 40 32 53 Gun 151 | . 14 12 40 32 53 Cannon . | . . . . . . Launcher . | . . . . . . Special . | . . . . . . Kinetic 151 | . 14 12 40 32 53 Thermal . | . . . . . . Explosive . | . . . . . . Electromagnetic . | . . . . . . Robot Hit Streak 6 | . 4 2 5 5 6 Robot Miss Streak 5 | . 2 1 5 5 3 Penetration Max 1 | . . . . . 1 Secondary Targets 6 | . . . 4 . 2 Max Gunslinging Chain 2 | . . . 2 . 1 Shots Hit Robots 84 | . 8 6 20 17 33 Core Hits 48 | . 4 2 11 6 25 Critical Kills . | . . . . . . Critical Parts Destroyed 1 | . . . . . 1 Critical Strikes 1 | . . . . . 1 Destroy 1 | . . . . . 1 Melee Attacks . | . . . . . . Impact . | . . . . . . Slashing . | . . . . . . Piercing . | . . . . . . Sneak Attacks . | . . . . . . Combat Hostiles . | . . . . . . Follow-up Attacks . | . . . . . . Damage Inflicted 1175 | . 107 80 298 154 536 Guns 1164 | . 107 80 298 154 525 Cannons . | . . . . . . Explosions . | . . . . . . Melee . | . . . . . . Ramming 11 | . . . . . 11 Kinetic 1164 | . 107 80 298 154 525 Thermal . | . . . . . . Explosive . | . . . . . . Electromagnetic . | . . . . . . Impact . | . . . . . . Slashing . | . . . . . . Piercing . | . . . . . . Highest Corruption 2 | . . . . . 2 Average Corruption 2 | . . . . . 2 Corruption Purged . | . . . . . . Corruption Blocked . | . . . . . . Overload Shots . | . . . . . . Overflow Damage . | . . . . . . Projectiles . | . . . . . . Explosions . | . . . . . . Melee . | . . . . . . Knockbacks . | . . . . . . Impact . | . . . . . . Kinetic . | . . . . . . Secondary . | . . . . . . Self-Inflicted Damage 4 | . . . . . 4 Shots . | . . . . . . Rammed 7 | . . . . . 7 Targets Rammed 7 | . . . . . 7 Kicked . | . . . . . . Crushed . | . . . . . . Highest Temperature 353 | . . 30 85 14 353 Average Temperature 76 | . . 14 30 6 127 Received Heat Transfer 783 | . 36 . 54 . 693 Effects 1 | . . . . . 1 Damage (minor) 1 | . . . . . 1 Siege Activations . | . . . . . . Martial Activations . | . . . . . . Shielding Activations . | . . . . . . Robots Disrupted . | . . . . . . Combat Hostiles . | . . . . . . Robots Corrupted . | . . . . . . Combat Hostiles . | . . . . . . Parts Fried . | . . . . . . Impact Corruptions . | . . . . . . Robots Melted . | . . . . . . Combat Hostiles . | . . . . . . Parts Melted . | . . . . . . Heat Transferred . | . . . . . . Parts Sabotaged . | . . . . . . Parts Stolen . | . . . . . . Parts Stripped . | . . . . . . Power Chain Reactions . | . . . . . . Alert | -11 -10 -9 -9 -8 -8 ------- Run | Yrd Mat Mat Min Mat Sto Maximum Alert Level . | . . . . . . Low Security (%) 100 | 100 100 100 100 100 100 Level 1 . | . . . . . . Level 2 . | . . . . . . Level 3 . | . . . . . . Level 4 . | . . . . . . Level 5 . | . . . . . . High Security . | . . . . . . Max Security . | . . . . . . Peak Influence 122 | . 40 30 122 39 115 Initial 39 | . . 3 7 39 8 Average 31 | . 12 3 71 27 37 Influence Increases 596 | . 50 30 195 31 290 Destroy 0b10 Robot/C 400 | . 40 20 160 20 160 Destroy 0b10 Robot/NC 5 | . . . . . 5 Destroy Leader 100 | . 10 10 20 10 50 Allied During Kill 23 | . . . . . 23 Successful Hack 5 | . . . . . 5 Destroy Structure 3 | . . . . 1 2 Partial Spotted 15 | . . . . . 15 Lose Combat Pursuer 45 | . . . 15 . 30 Influence Decreases 566 | . 40 20 113 113 280 Entered New Map 95 | . . 7 13 63 12 Time Decay 321 | . 40 13 100 30 138 Lost Part 110 | . . . . 20 90 Lost Ally 40 | . . . . . 40 Squads Dispatched 5 | . 1 1 . . 3 Investigation . | . . . . . . Extermination . | . . . . . . Reinforcement 3 | . 1 1 . . 1 Assault 2 | . . . . . 2 Garrison . | . . . . . . Intercept . | . . . . . . Searches Triggered . | . . . . . . Construction Impeded 1 | . . . . . 1 Haulers Reinforced . | . . . . . . Active Scanning Responses . | . . . . . . Cargo Convoy Interrupts . | . . . . . . Stealth | -11 -10 -9 -9 -8 -8 --------- Run | Yrd Mat Mat Min Mat Sto Distress Signals 4 | . . 1 . . 3 Communications Jammed . | . . . . . . Distress Signals . | . . . . . . Times Spotted 31 | . 6 1 9 1 14 Peak Tracking Total 8 | . 2 1 4 1 8 Tactical Retreats 3 | . . . 1 . 2 Traps | -11 -10 -9 -9 -8 -8 ------- Run | Yrd Mat Mat Min Mat Sto Traps Triggered 1 | . . . . . 1 Indirectly . | . . . . . . Trap Hack Attempts . | . . . . . . Triggered . | . . . . . . Disarmed . | . . . . . . Reprogrammed . | . . . . . . Reused . | . . . . . . Traps Extracted . | . . . . . . Installed . | . . . . . . Triggered . | . . . . . . Machines | -11 -10 -9 -9 -8 -8 ---------- Run | Yrd Mat Mat Min Mat Sto Machines Disabled . | . . . . . . Max in Single Turn . | . . . . . . Machines Repaired . | . . . . . . Machines Dismantled . | . . . . . . Machines Sabotaged . | . . . . . . Overloaded Fab Kills . | . . . . . . Hacking | -11 -10 -9 -9 -8 -8 --------- Run | Yrd Mat Mat Min Mat Sto Machines Accessed 3 | . 1 1 . . 1 Terminals 1 | . . . . . 1 Fabricators . | . . . . . . Repair Stations . | . . . . . . Recycling Units 2 | . 1 1 . . . Scanalyzers . | . . . . . . Garrison Access . | . . . . . . Total Hacks 9 | . 5 1 . . 3 Successful 4 | . 2 1 . . 1 Failed 5 | . 3 . . . 2 Catastrophic . | . . . . . . Database Lockouts . | . . . . . . Manual . | . . . . . . Terminals 3 | . . . . . 3 Fabricators . | . . . . . . Repair Stations . | . . . . . . Recycling Units 6 | . 5 1 . . . Scanalyzers . | . . . . . . Garrison Access . | . . . . . . Terminal Hacks 1 | . . . . . 1 Zone Layout 1 | . . . . . 1 Fabricator Hacks . | . . . . . . Repair Station Hacks . | . . . . . . Recycling Unit Hacks 3 | . 2 1 . . . Process 1 | . 1 . . . . Report Inventory 1 | . . 1 . . . Retrieve Components 1 | . 1 . . . . Scanalyzer . | . . . . . . Garrison Access Hacks . | . . . . . . Unauthorized Hacks . | . . . . . . Terminals . | . . . . . . Fabricators . | . . . . . . Repair Stations . | . . . . . . Recycling Units . | . . . . . . Scanalyzers . | . . . . . . Garrison Access . | . . . . . . Data Cores Recovered . | . . . . . . Used . | . . . . . . Hacking Detections 2 | . 1 . . . 1 Full Trace Events 1 | . 1 . . . . Feedback Events . | . . . . . . Feedback Blocked . | . . . . . . Robot Schematics Acquired . | . . . . . . Robots Built . | . . . . . . Authchips . | . . . . . . Time . | . . . . . . Total Robot Build Rating . | . . . . . . Part Schematics Acquired . | . . . . . . Parts Built . | . . . . . . Authchips . | . . . . . . Time . | . . . . . . Total Part Build Rating . | . . . . . . Part Studies Acquired . | . . . . . . Parts Repaired . | . . . . . . Time . | . . . . . . Parts Recycled . | . . . . . . Recycled Matter 9 | . 9 . . . . Retrieved Matter . | . . . . . . Retrieved Components . | . . . . . . Parts Scanalyzed . | . . . . . . Part Schematics Acquired . | . . . . . . Parts Damaged . | . . . . . . Bothacking | -11 -10 -9 -9 -8 -8 ------------ Run | Yrd Mat Mat Min Mat Sto Used RIF Installer . | . . . . . . Robots Hacked . | . . . . . . Non-combat . | . . . . . . Combat . | . . . . . . Robot Hacks Applied . | . . . . . . Relay Couplers Released . | . . . . . . Fabnet Peak Effective % . | . . . . . . Robots Rewired . | . . . . . . Allies Hacked . | . . . . . . Hacks Repelled . | . . . . . . Allies | -11 -10 -9 -9 -8 -8 -------- Run | Yrd Mat Mat Min Mat Sto Total Allies 2 | . . . . . 2 Largest Group 2 | . . . . . 2 Highest-Rated Group 62 | . . . . . 62 Highest-Rated Ally 31 | . . . . . 31 Total Orders . | . . . . . . Ally Attacks 14 | . . . . . 14 Total Damage 207 | . . . . . 207 Kills 2 | . . . . . 2 Allies Corrupted . | . . . . . . Allies Melted . | . . . . . . Intel | -11 -10 -9 -9 -8 -8 ------- Run | Yrd Mat Mat Min Mat Sto Active Infowar (turns) . | . . . . . . Robot Analysis Total . | . . . . . . Derelict Logs Recovered . | . . . . . . Drone Launches . | . . . . . . Drone Recoveries . | . . . . . . Exploration | -11 -10 -9 -9 -8 -8 ------------- Run | Yrd Mat Mat Min Mat Sto Turns Passed 969 | 78 177 129 204 70 311 Spaces Moved 739 | 91 121 117 160 46 204 Core 129 | 62 . . . . 67 Treads . | . . . . . . Legs . | . . . . . . Wheels 610 | 29 121 117 160 46 137 Hover . | . . . . . . Flight . | . . . . . . Fastest Speed 50 | 50 90 85 100 85 85 Average Speed 95 | 62 90 92 100 90 112 Slowest Speed 600 | 90 90 100 100 100 600 Overloaded Moves . | . . . . . . Propulsion Burnouts . | . . . . . . Robots Hopped . | . . . . . . Potential Cave-ins . | . . . . . . Cave-ins Triggered . | . . . . . . Exploration Rate (%) 19 | 4 21 14 43 6 26 Regions Visited 5 Branch Regions 2 Pre-discovered Areas . | . . . . . . Known Exits Taken . | . . . . . . Unknown Exits Taken 5 | 1 1 1 1 1 . Scrap Searched . | . . . . . . Spaces Dug . | . . . . . . Terrain Destroyed 1 | . . . . . 1 Melee . | . . . . . . Projectile 1 | . . . . . 1 AOE . | . . . . . . Terrain Rammed . | . . . . . . Walls Destroyed . | . . . . . . Machines Disabled . | . . . . . . Actions | -11 -10 -9 -9 -8 -8 --------- Run | Yrd Mat Mat Min Mat Sto Total 906 | 111 174 129 182 56 254 Wait 75 | 11 47 . . . 17 Move 734 | 90 120 116 159 45 204 Hop . | . . . . . . Pick Up 16 | 5 . 5 2 1 3 Fast Attach . | . . . . . . Attach 17 | 5 . 4 4 1 3 Detach 4 | . . . 4 . . Swap 1 | . . 1 . . . Drop 3 | . . . 3 . . Fire 49 | . 7 3 10 9 20 Melee . | . . . . . . Ram 7 | . . . . . 7 Kick . | . . . . . . Crush . | . . . . . . Escape Stasis . | . . . . . . Rewire . | . . . . . . Trap . | . . . . . . Miscellaneous . | . . . . . . Route ------- -11/Scrapyard -10/Materials -9/Materials -9/Mines -8/Materials -8/Storage History --------- Turn | Location | Event 4 | -11/Scrapyard | Discovered new exit (range 16) 79 | -11/Scrapyard | Entered Materials 240 | -10/Materials | Discovered new exit (range 10) 256 | -10/Materials | Entered another Materials area 256 | -9/Materials | Evolved 2 slots: Weapon x2 305 | -9/Materials | Build established: Mutant 360 | -9/Materials | Discovered new exit (range 15) 385 | -9/Materials | Entered Mines 579 | -9/Mines | Discovered new exit (range 8) 589 | -9/Mines | Entered Materials 589 | -8/Materials | Evolved 2 slots: Power x1, Propulsion x1 636 | -8/Materials | Discovered new exit (range 5) 640 | -8/Materials | Build established: Gunner 659 | -8/Materials | Entered Storage 688 | -8/Storage | Met a pair of Derelict thieves 877 | -8/Storage | Core integrity fell below 50% 880 | -8/Storage | Lost 7 parts (1p2n4w) 924 | -8/Storage | Core integrity fell below 20% 970 | -8/Storage | Destroyed by G-47 Trooper with Particle Gun Last Messages --------------- K-01 Serf collects debris. Critical hit (Burn: +37). K-01 Serf collects debris. Gauss Rifle destroyed. K-01 Serf collects debris. Hvy. Ion Engine severed. Acquired Hvy. Assault Rifle. M-28 Smith repairs G-47 Trooper. L-31 Rogue destroyed. Sml. Storage Unit destroyed. G-47 Trooper destroyed. Critical hit (Burn: +37). G-47 Trooper destroyed. Hvy. Assault Rifle destroyed. Slammed into G-47 Trooper. W-25 Informer sends out distress signal. Critical hit (Burn: +37). Slammed into G-47 Trooper. Destabilizing: System corrupted (+2). Slammed into G-47 Trooper. Map ----- +----------------------------------------------------+ | ???#!==# ##?????????????????? | | ???#*%%# #??????????????????? | | ???#!!=########??????????????????? | | ???#==%##########????????????????? | | ???# *# #????????????????? | | ???# + """"" ###??????????????? | | ???# # """"" ""#??????????????? | | ???# # """"" T"#??????????????? | | ???# + ""#??????????????? | | ???# # """"" ###??????????????? | | ???# # """"" #????????????????? | | ???# # """"" #????????????????? | | ???# # #????????????????? | | ???# # ########????????????????? | | ???# ##########????????????????? | | ???# #### *##????????????????? | | ???# ##T# * ##????????????????? | | ???# # " ##????????????????? | | ???# =+ *##????????????????? | | ???# =# " * ##????????????????? | | ???# # #! **##????????????????? | | ???# ##########????????????????? | | ???# ##########????????????????? | | ???# ##########????????????????? | | ???# # #????????????????? | | ???# #g@ """#????????????????? | | ???# #m """#????????????????? | | ???# # """#????????????????? | | ???# + #????????????????? | | ???# # """#????????????????? | | ???# # """#????????????????? | | ???# # """#????????????????? | | ???# # #????????????????? | | ???# ##########????????????????? | | ???# #?????????????????????????? | | ???# #?????????????????????????? | | ???# #?????????????????????????? | | ???# #?????????????????????????? | | ???# #?????????????????????????? | | ???# #?????????????????????????? | | ???# #?????????????????????????? | | ???# #?????????????????????????? | | ???# #?????????????????????????? | | ???# #?????????????????????????? | | ???#####?????????????????????????? | | ?????????????????????????????????? | | ?????????????????????????????????? | | ?????????????????????????????????? | | ?????????????????????????????????? | | ?????????????????????????????????? | +----------------------------------------------------+ Best States ------------- Heat Dissipation 31 Energy Generation 23 Energy Capacity 460 Matter Stores 300 Matter Capacity 300 Sight Range 16 Terrain Scan Density 10 Evasion (%) 50 Item Schematics ----------------- None Robot Schematics ------------------ None Fabricated ------------ Nothing Repaired ---------- Nothing Studied --------- None Alien Tech Used ----------------- None Achievements -------------- Gunslinger Please Form A Line Risk Taker Challenges ------------ None Game ------ Seed FlyingDoorPrototype Manual? 0 Play Time 00:30:27 Cumulative 1.3 hours Start 2026.09.13 @ 19:08:12 End 2026.09.18 @ 17:40:44 Sessions 2 Manual Loads 0 Difficulty Rogue Special Mode None Game No. 4 Rogue 4 Adventurer 0 Explorer 0 Win Type - Total 0 Types 0/0/0/0/0/0/0/0/0/0 Lore% 0 Gallery% 2 Achievement% 3 Wizard Run 0 Options --------- Layout 1 ASCII 0 Keyboard 1 Movement Numpad Keybinds 0 Fullscreen 1 Font 32/SmallcapsGlow Map View 50x35 Zoom Use 0% Tactical HUD 0 Map Filters NONE Filters NONE Steam 1 RUN: 1b7c240d-b73e-4af5-b11e-375e0e8c142b